 Dungeon Crawl Stone Soup version 0.29.1-1-gd02db6906a (webtiles) character file.

Game seed: 16765759286737719400

179 H0rd4k the Ducker (level 5, 0/39 HPs)
             Began as a Human Artificer on Oct 12, 2022.
             Slain by an iguana (7 damage)
             ... on level 4 of the Dungeon.
             The game lasted 00:03:00 (4624 turns).

H0rd4k the Ducker (Human Artificer)                 Turns: 4624, Time: 00:03:01

Health: 0/39       AC:  3    Str: 13    XL:     5   Next: 90%
Magic:  5/5        EV: 12    Int: 13    God:
Gold:   286        SH:  0    Dex: 13    Spells: 4/4 levels left

rFire   . . .      SeeInvis .   q - +0 dire flail
rCold   . . .      Faith    .   (shield currently unavailable)
rNeg    . . .      Spirit   .   b - +0 leather armour
rPois   .          Reflect  .   (no helmet)
rElec   .          Harm     .   (no cloak)
rCorr   .          Rampage  .   (no gloves)
Will    .....                   (no boots)
Stlth   +.........              (no amulet)
HPRegen 0.13/turn               (no ring)
MPRegen 0.09/turn               (no ring)

@: no status effects
A: no striking features
a: no special abilities


You were on level 4 of the Dungeon.
You visited 1 branch of the dungeon, and saw 4 of its levels.

You collected 286 gold pieces.

Inventory:

Hand Weapons
 a - a +0 club
 q - a +0 dire flail (weapon)
Missiles
 r - 2 poisoned darts (quivered)
Armour
 b - a +0 leather armour (worn)
 s - a +0 hat
Wands
 c - a wand of flame (2)
 d - a wand of charming (8)
 e - a wand of iceblast (3)
Scrolls
 f - 2 scrolls of identify {unknown}
 g - 2 scrolls of torment {unknown}
 i - a scroll of acquirement {unknown}
 j - a scroll of fog {unknown}
 k - a scroll of brand weapon {unknown}
 l - 5 scrolls of teleportation {unknown}
 m - 2 scrolls of fear {unknown}
 o - a scroll of amnesia {unknown}
 t - 3 scrolls of immolation {unknown}
 u - a scroll of noise {unknown}
Potions
 h - 2 potions of curing {unknown}
 n - a potion of ambrosia {unknown}
 p - 2 potions of lignification {unknown}
 v - a potion of resistance {unknown}


   Skills:
 + Level 2.5 Fighting
 + Level 3.0 Maces & Flails
 - Level 2.0 Armour
 + Level 3.2 Dodging
 - Level 1.0 Stealth
 - Level 3.0 Evocations


You had 4 spell levels left.
You didn't know any spells.
Your spell library was empty.

Dungeon Overview and Level Annotations

Branches:
Dungeon (4/15)
 Temple: D:4-7

Altars:

Shops:
D:3 ?


Message History

You barely miss the rat.
The rat is heavily wounded.
The rat closely misses you. x2
You sock the rat!
You kill the rat!
Done exploring.
Done exploring.
Done exploring.
Done exploring.
Done exploring.
(D) Dungeon
Where to? (Enter - D:2 @ (x,y), ? - help)
There is a stone staircase leading down here.
You climb downwards.
Found a whip and a lumpy amethyst potion.
There is a stone staircase leading up here.
Key pressed, stopping travel.
Found an escape hatch in the floor.
v - a lumpy amethyst potion A goblin comes into view.
It is wielding a +0 dagger.
Found a sling.
An iguana comes into view.
The iguana hisses angrily.
You hit the goblin but do no damage. The goblin barely misses you.
You hit the iguana.
The iguana is moderately wounded.
The iguana barely misses you. The goblin hits you with a +0 dagger.
The iguana attacks as you move away! The iguana bites you!
The goblin attacks as you move away! The goblin hits you but does no damage.
The iguana attacks as you move away! The iguana bites you!
The goblin attacks as you move away! The goblin closely misses you.
The goblin attacks as you move away! The goblin closely misses you.
The goblin attacks as you move away! The goblin misses you.
The goblin attacks as you move away! The goblin hits you with a +0 dagger.
The goblin attacks as you move away! The goblin hits you with a +0 dagger.
* * * LOW HITPOINT WARNING * * *
The iguana attacks as you move away! The iguana bites you.
* * * LOW HITPOINT WARNING * * *
The iguana attacks as you move away! The iguana bites you!
You die...

. ####. ####.....
##......... #
###..#.......
#..#######...##.......
#....@l......>........
#..###g..............#
#.. #.........#.....#
# #..........?.....
#..............).
######...#####.......
.).......# ##......
........## ##.....
.......<# .....


You could see an iguana and a goblin.

Vanquished Creatures
  A hound (D:2)
  4 adders
  A worm (D:2)
  3 dart slugs
  5 ball pythons
  6 bats
  2 endoplasms
  2 giant cockroaches
  3 goblins
  5 hobgoblins
  8 jackals
  4 quokkas
  4 frilled lizards
  3 kobolds
  11 rats
62 creatures vanquished.

Vanquished Creatures (collateral kills)
  An orc priest (D:3)
  An adder (D:3)
  2 orcs (D:3)
  An endoplasm (D:2)
5 creatures vanquished.

Vanquished Creatures (others)
  A scorpion (D:3)
  An adder (D:3)
  A jackal (D:1)
3 creatures vanquished.

Grand Total: 70 creatures vanquished

Notes
Turn   | Place    | Note
-------+----------+-------------------------------------------
     0 | D:1      | H0rd4k the Human Artificer began the quest for the Orb.
     0 | D:1      | Reached XP level 1. HP: 15/15 MP: 1/1
   320 | D:1      | Reached XP level 2. HP: 21/21 MP: 2/2
  1064 | D:1      | Found a faded altar of an unknown god.
  1549 | D:1      | Reached XP level 3. HP: 15/26 MP: 3/3
  1752 | D:2      | Reached skill level 1 in Maces & Flails
  2722 | D:2      | Reached XP level 4. HP: 21/33 MP: 4/4
  3214 | D:2      | Reached XP level 5. HP: 12/38 MP: 5/5
  3633 | D:3      | Found Mexew's Magic Scroll Emporium.
  4624 | D:4      | Slain by an iguana

Illustrated notes

Levels and vault maps discovered:
D:1:      amcnicky_arrival_blooded_trapdoor, layout_loops_ring,
          dreamdust_ecumenical_altar_angels_and_demons
D:2:      layout_loops_cross, kennysheep_flooded_box, minivault_27,
          minmay_divided_ellipse
D:3:      layout_rooms, serial_shops, nicolae_shop_advertising_works
          [nicolae_subvault_shop_adworks]
D:4:      layout_rooms, led_sif_pool, chequers_serial_rivers_room_a

Skill      XL: |  1  2  3  4  5 |
---------------+----------------+-----
Maces & Flails | 1 2 3 |  3.0
Dodging        | 2 3 |  3.2
Fighting       | 2 |  2.5
Armour         | |  2.0
Stealth        | |  1.0
Evocations     | |  3.0

Action                   |  1- 3 |  4- 6 || total
-------------------------+-------+-------++-------
Melee: Club              |   148 |    48 ||   196
       Punch             |       |     1 ||     1
       Dire flail        |       |    54 ||    54
Throw: Dart              |       |     3 ||     3
Evoke: Wand              |     7 |    15 ||    22
 Stab: Sleeping          |     2 |     1 ||     3
Armor: Leather armour    |    37 |    35 ||    72
Dodge: Dodged            |   137 |   100 ||   237
